 Dungeon Crawl Stone Soup version 0.19.5 (console) character file.

71 Grinner the Shield-Bearer (level 4, -2/31 HPs)
             Began as an Octopode Fighter on Mar 12, 2017.
             Slain by Terence
             ... wielding a +1 morningstar of protection
              (6 damage)
             ... on level 2 of the Dungeon.
             The game lasted 00:02:31 (1120 turns).

Grinner the Shield-Bearer (Octopode Fighter)        Turns: 1120, Time: 00:02:32

Health: -2/31      AC:  1    Str: 20    XL:     4   Next: 24%
Magic:  4/4        EV: 12    Int: 10    God:
Gold:   110        SH:  9    Dex: 12    Spells: 0 memorised, 3 levels left

rFire  . . .     SeeInvis .     i - +0 whip (vamp)
rCold  . . .     Gourm    .     b - +0 shield
rNeg   . . .     Faith    .     (helmet restricted)
rPois  .         Spirit   .     (no amulet)
rElec  .         Reflect  .     (no ring)
rCorr  .         Harm     .     (no ring)
MR     .....                    (no ring)
Stlth  ++........               (no ring)
                                (no ring)
                                (no ring)
                                (no ring)
                                (no ring)

@: mighty
A: almost no armour, stealthy swim, amphibious, 8 rings, constrict 8, camouflage
1, gelatinous body 1
a: no special abilities


You were on level 2 of the Dungeon.
You were not hungry.

You visited 1 branch of the dungeon, and saw 2 of its levels.

You collected 110 gold pieces.

Inventory:

Hand Weapons
 a - a +0 war axe
 i - a +0 vampiric whip (weapon)
Armour
 b - a +0 shield (worn)
Jewellery
 k - an uncursed ring of ice
Scrolls
 h - 2 scrolls of identify {unknown}
 m - a scroll of teleportation {unknown}
Potions
 e - a potion of magic {unknown}
 f - a potion of agility {unknown}
 g - 3 potions of flight {unknown}
 l - 3 potions of curing {unknown}
 n - a potion of cure mutation {unknown}
Comestibles
 d - 2 bread rations
 j - a beef jerky


   Skills:
 - Level 3.0 Fighting
 - Level 2.6(3.0) Axes
 * Level 2.0(2.7) Maces & Flails
 + Level 3.4 Dodging
 + Level 3.5 Shields


You had 3 spell levels left.
You didn't know any spells.

Dungeon Overview and Level Annotations

Branches:
Dungeon (2/15)

Altars:
Xom

Annotations:
D:2 Terence


Innate Abilities, Weirdness & Mutations

You cannot wear most types of armour.
You are very stealthy in the water. (Stealth+)
You are amphibious.
You can wear up to eight rings at the same time.
You can use your tentacles to constrict eight enemies at once.
Your skin changes colour to match your surroundings (Stealth+).
Your rubbery body absorbs attacks. (AC +1, EV +1)


Message History

* * * LOW HITPOINT WARNING * * *
You are too injured to fight recklessly!
You release your grip on Terence.
You see here a robe.
You block Terence's attack.
You feel very mighty all of a sudden.
You hit Terence but do no damage. You grab Terence.
Terence is moderately wounded.
You constrict Terence, but do no damage.
Terence hits you with a morningstar of protection.
* * * LOW HITPOINT WARNING * * *
Your shield prevents you from hitting Terence.
Terence is moderately wounded.
You constrict Terence, but do no damage.
Terence closely misses you.
You hit Terence but do no damage.
Terence is moderately wounded.
You constrict Terence, but do no damage.
Terence hits you with a morningstar of protection.
You die...

#...# #........
#..# #.......
#####[# ##.....#
#.....# ##...##
#.##### ##'## #.#
########.# #.#
#........# #@#
#.######.## #@#
#.#####...##
#.#####.#........#
#.................
#######.#...##.###
#.######.#
#........#
########.# #.# #.#


You could see Terence.

Vanquished Creatures
  Jessica (D:2)
  An adder (D:2)
  3 dart slugs
  A leopard gecko (D:1)
  5 bats
  3 goblins
  6 jackals (D:2)
  A quokka (D:2)
  2 ball pythons (D:1)
  2 frilled lizards
  3 kobolds
  2 rats
30 creatures vanquished.

Notes
Turn   | Place    | Note
-------+----------+-------------------------------------------
     0 | D:1      | Grinner the Octopode Fighter began the quest for the Orb.
     0 | D:1      | Reached XP level 1. HP: 16/16 MP: 1/1
   162 | D:1      | Found a shimmering altar of Xom.
   164 | D:1      | Found a sacrificial altar of Ru.
   164 | D:1      | Found a white marble altar of Elyvilon.
   166 | D:1      | Found a white marble altar of Elyvilon.
   166 | D:1      | Found a glowing golden altar of the Shining One.
   166 | D:1      | Found a burning altar of Makhleb.
   323 | D:1      | Reached XP level 2. HP: 21/21 MP: 2/2
   830 | D:2      | Noticed Jessica
   830 | D:2      | Reached skill level 1 in Maces & Flails
   830 | D:2      | Reached XP level 3. HP: 20/26 MP: 3/3
   842 | D:2      | Killed Jessica
   850 | D:2      | Reached XP level 4. HP: 26/31 MP: 4/4
  1099 | D:2      | Noticed Terence
  1120 | D:2      | Slain by Terence

Skill      XL: |  1  2  3  4 |
---------------+-------------+-----
Maces & Flails | 1 2 |  2.0
Fighting       | |  3.0
Axes           | |  2.6
Dodging        | |  3.4
Shields        | |  3.5

Action                   |  1- 3 |  4- 6 || total
-------------------------+-------+-------++-------
Melee: War axe           |    23 |       ||    23
       Constrict         |    11 |     9 ||    20
       Tentacles         |     6 |     6 ||    12
       Whip              |    22 |    38 ||    60
  Use: Potion            |       |     1 ||     1
 Stab: Sleeping          |     1 |     4 ||     5
       Distracted        |     1 |       ||     1
  Eat: Meat ration       |     1 |       ||     1
Armor: Skin              |     2 |       ||     2
Dodge: Dodged            |    26 |    14 ||    40
Block: Shield            |    17 |    14 ||    31
